 Dungeon Crawl Stone Soup version 0.21.1-1-g345015f (webtiles) character file.

9 Dharzhak the Digger (level 2, 15/15 HPs)
             Began as a Gargoyle Earth Elementalist on May 6, 2018.
             Quit the game on level 1 of the Dungeon.
             The game lasted 00:01:41 (315 turns).

Dharzhak the Digger (Gargoyle Earth Elementalist)    Turns: 315, Time: 00:01:42

Health: 15/15      AC:  4    Str: 11    XL:     2   Next: 16%
Magic:  5/5        EV: 12    Int: 15    God:
Gold:   16         SH:  0    Dex: 10    Spells: 2/5 levels left

rFire    . . .     SeeInvis .   h - +0 dagger
rCold    . . .     Gourm    .   (no shield)
rNeg     + . .     Faith    .   c - +0 robe
rPois    ∞         Spirit   .   (no helmet)
rElec    +         Reflect  .   (no cloak)
rCorr    .         Harm     .   (no gloves)
MR       .....                  (no boots)
Stlth    ++........             (no amulet)
HPRegen  0.05/turn              (no ring)
MPRegen  0.09/turn              (no ring)

@: no status effects
A: negative energy resistance 1, electricity resistance, unbreathing,
petrification resistance, rot immunity, AC +2
a: no special abilities


You were on level 1 of the Dungeon.
You were not hungry.

You visited 1 branch of the dungeon, and saw 1 of its levels.

You collected 16 gold pieces.

Inventory:

Hand Weapons
 h - a +0 dagger (weapon)
Missiles
 b - 23 stones
 g - 3 tomahawks (quivered)
Armour
 c - a +0 robe (worn)
Potions
 a - a potion of agility {unknown}
Books
 e - a book of Geomancy

   Spells                             Type                      Level
   a - Sandblast                      Earth                        1
   b - Passwall                       Transmutation/Earth          2
   c - Stone Arrow                    Conjuration/Earth            3
   d - Petrify                        Transmutation/Earth          4
   e - Lee's Rapid Deconstruction     Earth                        5
Comestibles
 d - 2 rations
 f - 2 chunks of flesh


   Skills:
 + Level 1.6 Dodging
 + Level 2.2 Stealth
 + Level 0.4 Unarmed Combat
 + Level 2.1 Spellcasting
 + Level 0.7 Transmutations
 + Level 4.1 Earth Magic


You had 2 spell levels left.
You knew the following spells:

 Your Spells              Type           Power        Failure   Level  Hunger
a - Sandblast             Erth           ##....       4%          1    #......
b - Passwall              Tmut/Erth      #.........   12%         2    ###....


Dungeon Overview and Level Annotations

Branches:
Dungeon (1/15)

Altars:


Innate Abilities, Weirdness & Mutations

You are resistant to torment.
Your stone body is resilient. (AC +2)
You are immune to poison.
You resist negative energy. (rN+)
You are resistant to electric shocks. (rElec)
You can survive without breathing.
You are immune to petrification.
You are immune to rotting.


Message History

f - 2 chunks of flesh
Casting: Sandblast
Confirm with . or Enter, or press ? or * to list all spells.
Aiming: Sandblast
Press: ? - help, Shift-Dir - straight line, f - kobold
Aim: a kobold, wielding a dagger The blast of sand hits the kobold.
You kill the kobold!
b - 23 stones
Found a diamond ring.
g - 2 tomahawks
Things that are here:
a dagger; a kobold corpse
h - a dagger
g - 3 tomahawks (gained 1)
h - a +0 dagger (weapon)
Unknown command.
Unknown command.
Unknown command.
Are you sure you want to abandon this character and quit the game? (Confirm with "yes".)

... #+########
.... #.#......#
.... #.#......#
..... #.#......#
.=...##.#......#
...............#
#..†.......+
##### #.
#..........#
....## #.#.
#...@......#
###..#
...####+#......#
####.## #..#
#.#####'##
.###..# #..# #.#
#.# ..#...#
#.####.#####.#
..'...#
#............#
..#...#
#...##.#####.#
.###.##
#...##.### ###
####+#
#.#.#.....


There were no monsters in sight!

Vanquished Creatures
  A dart slug (D:1)
  A leopard gecko (D:1)
  A bat (D:1)
  2 jackals (D:1)
  A kobold (D:1)
6 creatures vanquished.

Notes
Turn   | Place    | Note
-------+----------+-------------------------------------------
     0 | D:1      | Dharzhak the Gargoyle Earth Elementalist began the quest for the Orb.
     0 | D:1      | Reached XP level 1. HP: 10/10 MP: 3/3
   254 | D:1      | Reached skill level 4 in Earth Magic
   254 | D:1      | Reached XP level 2. HP: 15/15 MP: 1/5
   267 | D:1      | Learned a level 2 spell: Passwall
   315 | D:1      | Quit the game

Skill      XL: |  1 |
---------------+----+-----
Earth Magic    | 4 |  4.1
Dodging        | |  1.6
Stealth        | |  2.2
Unarmed Combat | |  0.4
Spellcasting   | |  2.1
Transmutations | |  0.7

Action                   || total
-------------------------++-------
Melee: Unarmed           ||     8
Throw: Tomahawk          ||     4
       Stone             ||     1
 Cast: Sandblast         ||     6
Armor: Robe              ||     4
Dodge: Dodged            ||     6
